cohdb
Replays
Latest Replays
All Replays
Popular Replays
Top Player Replays
Match Explorer
How It Works
Community
CoH3 Stats
Reddit
Sign in to upload your games and track your stats! →
Sign in with Steam
Match 39836854
Unlisted
Match 39836854
Overview
Messages
Build Orders
End
Construct Barracks
Selects Heavy Weapons
Riflemen Squad
Riflemen Squad
Construct Weapon Support Center
Riflemen Squad
Bazooka Squad
Infantry Support Center
M3 Armored Personnel Carrier
Selects M2HB .50cal Heavy Machine Gun
M1919 Machine Gun Team
Engineer Squad
Selects Assault Carriers
Selects Exchangeable Parts
M1918 Browning Automatic Rifles
Construct Tank Depot
Grenade Package
M4A1 Sherman Medium Tank
Selects M26 Pershing Heavy Tank
M26 Pershing Heavy Tank
Riflemen Squad
M1 Mortar Team
Selects Rapid Reposition
Selects Bolstered Team Weapons
Riflemen Squad
M4(105) Sherman Bulldozer
Advanced Logistics
Survival Training
Riflemen Squad
Engineer Squad
Riflemen Squad
BigTiddyLebron
kreumat
jp2310
Sixtus
0
0
Comments
sign in to comment!
No comments posted yet!